 Dungeon Crawl Stone Soup version 0.30.0-29-ga12c61a403 (webtiles) character file.

Game seed: 1422367331341843596

21 Graphine the Trooper (level 2, 0/27 HPs)
             Began as a Hill Orc Fighter on June 23, 2023.
             Slain by an orc
             ... wielding a +0 mace
              (6 damage)
             ... on level 1 of the Dungeon.
             The game lasted 00:00:44 (141 turns).

Graphine the Trooper (Hill Orc Fighter)              Turns: 141, Time: 00:00:44

Health: 0/27       AC:  6    Str: 18    XL:     2   Next: 83%
Magic:  2/3        EV:  9    Int:  8    God:
Gold:   42         SH:  4    Dex: 10    Spells: 1/1 levels left

rFire   . . .        a - +0 war axe
rCold   . . .        c - +0 buckler
rNeg    . . .        b - +0 scale mail
rPois   .            (no helmet)
rElec   .            (no cloak)
rCorr   .            (no gloves)
SInv    .            (no boots)
Will    .....        (no amulet) Stlth
                     (no ring)
HPRegen 0.24/turn    (no ring)
MPRegen 0.08/turn

%: no passive effects
@: mighty
A: no striking features
a: no special abilities


You were on level 1 of the Dungeon.
You visited 1 branch of the dungeon, and saw 1 of its levels.

You collected 42 gold pieces.

Inventory:

Hand Weapons
 a - a +0 war axe (weapon)
Armour
 b - a +0 scale mail (worn)
 c - a +0 buckler (worn)
Scrolls
 e - a scroll of magic mapping {unknown}


   Skills:
 * Level 4.0 Fighting
 * Level 3.2 Axes
 + Level 3.4 Armour
 - Level 3.2 Shields
 * Level 1.6 Invocations


You had one spell level left.
You didn't know any spells.
Your spell library was empty.

Dungeon Overview and Level Annotations

Branches:
Dungeon (1/15)

Altars:


Message History

You closely miss the orc.
The orc is moderately wounded.
You hit the orc. You closely miss the orc. You block the orc's attack.
The orc barely misses you. x2
You closely miss the orc.
The orc is moderately wounded.
You closely miss the orc. You hit the orc.
The orc hits you but does no damage. x2
The orc hits you with a +0 flail. x2; The orc hits you with a +0 club.
* * * LOW HITPOINT WARNING * * *
The orc barely misses you.
You feel very mighty all of a sudden. The orc barely misses you.
The orc hits you but does no damage. The orc closely misses you.
You slice the orc!!
You kill the orc!
You barely miss the orc. You slash the orc!
You kill the orc!
The orc closely misses you.
Unknown command.
You slash the orc!
You kill the orc!
You barely miss the orc. You closely miss the orc.
The orc hits you but does no damage. x2
You slash the orc!
You kill the orc!
You closely miss the orc. x2; You block the orc's attack. x2
The orc hits you but does no damage. The orc hits you with a +0 whip.
* * * LOW HITPOINT WARNING * * *
The orc hits you with a +0 mace.
* * * LOW HITPOINT WARNING * * *
Your Fighting skill increases to level 4!
You hit the orc but do no damage. You slash the orc!
You kill the orc!
You hit the orc. The orc closely misses you.
You slash the orc!
You kill the orc!
You hit the orc but do no damage. You slash the orc!
You kill the orc!
The orc hits you with a +0 mace.
You die...

......#...#...#...
........)....##.. ####
#....#...#.†...) #....
#....#...##.)#.
#....#####.....#......#
#...!#.#.8......##.....
#...ool.............#..
#....)o)......##.##..#.
#..⌠.#@#.8.........#...
#..ro#####...#...#.#...
#...o #..##...###.. .
#### #..#...#... #.
..........#...
###############


You could see 3 orcs and a frilled lizard.

Vanquished Creatures
  7 orcs (D:1)
  3 bats (D:1)
  A quokka (D:1)
  2 frilled lizards (D:1)
  3 kobolds (D:1)
  2 rats (D:1)
18 creatures vanquished.

Notes
Turn   | Place    | Note
-------+----------+-------------------------------------------
     0 | D:1      | Graphine the Hill Orc Fighter began the quest for the Orb.
     0 | D:1      | Reached XP level 1. HP: 19/19 MP: 1/1
    60 | D:1      | Reached skill level 1 in Invocations
    62 | D:1      | Reached XP level 2. HP: 20/27 MP: 2/2
   100 | D:1      | Found a large runed translucent door.
   100 | D:1      | Found a large runed translucent door.
   140 | D:1      | Reached skill level 4 in Fighting
   141 | D:1      | Slain by an orc

Illustrated notes

Levels and vault maps discovered:
D:1:      erik_arrival_cave_to_civilisation [erik_arrival_cave_to_temple],
          layout_basic, wad_floor_pattern_untrapped

Skill      XL: |  1  2 |
---------------+-------+-----
Invocations    | 1 |  1.6
Axes           | 3 |  3.2
Fighting       | 4 |  4.0
Armour         | |  3.4
Shields        | |  3.2

Action                     || total
---------------------------++-------
  Melee: War axe           ||    36
    Use: Potion            ||     1
 Armour: Scale mail        ||    28
  Dodge: Dodged            ||    29
  Block: Buckler           ||    15
